Description

a good strat for low level players who struggle with micro. This is purely to focus on economy with a very easy army to use and react with.

Replay - Adams new new

Build Order

Get SALT Encoding   

  12  0:00  Probe  
  13  0:12  Probe  
  14  0:22  Pylon  
  14  0:25  Probe (Chrono Boost)  
  15  0:39  Probe (Chrono Boost)  
  15  0:41  Gateway  
  16  0:46  Assimilator  
  16  0:48  Probe  
  17  1:00  Probe  
  18  1:12  Probe  
  19  1:24  Probe  
  20  1:28  Nexus  
  20  1:39  Cybernetics Core  
  20  1:41  Probe  
  21  1:47  Assimilator  
  21  1:55  Probe (Chrono Boost)  
  22  2:01  Pylon  
  23  2:17  Stalker (Chrono Boost)  
  23  2:18  Warp Gate  
  25  2:26  Robotics Facility  
  25  2:29  Gateway  
  26  2:40  Gateway  
  26  2:48  Adept (Chrono Boost)  
  31  3:10  Adept (Chrono Boost)  
  36  3:26  Pylon  
  39  3:37  Adept (Chrono Boost)  
  41  3:42  Robotics Facility  
  41  3:46  Twilight Council  
  43  4:01  Pylon  
  45  4:08  Adept x3  
  53  4:22  Pylon  
  54  4:29  Assimilator x2  
  55  4:36  Immortal (Chrono Boost)  
  61  4:46  Templar Archives  
  61  4:48  Charge  
  64  5:20  Nexus  
  64  5:30  Forge x2  
  66  5:38  High Templar x2  
  66  5:41  Zealot  
  72  5:43  Archon  
  72  5:47  Immortal (Chrono Boost)  
  78  5:58  Protoss Ground Weapons Level 1 (Chrono Boost)  
  78  5:59  Protoss Ground Armor Level 1 (Chrono Boost)  
  80  6:13  Gateway x2  
  81  6:24  Gateway x2  
  81  6:32  Gateway  
  81  6:36  High Templar x2  
  85  6:42  Archon  
  85  6:47  Observer  
  89  6:51  Gateway x2  
  92  7:06  Assimilator x2  
  94  7:16  Immortal  
  99  7:26  High Templar x4  
  99  7:29  Zealot  
  109  7:30  Archon x2  
  112  7:44  Protoss Ground Weapons Level 2 (Chrono Boost)  
  112  7:47  Protoss Ground Armor Level 2 (Chrono Boost)  
  114  7:53  High Templar x2  
  114  7:55  Zealot x2  
  114  7:58  Archon  
  125  8:23  Nexus  
  125  8:26  Immortal (Chrono Boost)  
  127  8:27  Archon  
  131  8:44  Zealot x4  
  139  8:50  Zealot x2  
  146  9:04  Immortal  
  143  9:40  Archon x3  
  141  9:49  Immortal  
Spawning Tool Build Advisor. Get it on Overwolf

Go to:

Details

  • Created by: Heeebs
  • Published on: Nov 09, 2019
  • Modified on: Nov 09, 2019
  • Patch: 4.7.1
Show
View Real Time Build Order
Export as new Build Order

Comments (0)

There are no comments. Be the first!

Create an account to comment!